Map: 애씨드 플랜트 - 래더

Players

Bunny - Winner!

  • Race: Terran Terran
  • League: Diamond
  • Spawn Location: 5:00

soO

  • Race: Zerg Zerg
  • League: Master
  • Spawn Location: 11:00

Event: HomeStory Cup XVII

VOD

Have the link to the VOD?

Description

Time

  • Played on: June 30, 2018, 1:16 p.m.
  • Length: 10:38

All games in this series

Show
View Real Time Build Order
Export as new Build Order

Bunny Terran - Winner!

Build Orders: Liberator Opening, Reaper Expand, MMM Bio 

Get SALT Encoding   

  12  0:00  SCV  
  13  0:13  SCV  
  14  0:17  Supply Depot  
  14  0:25  SCV  
  15  0:38  SCV  
  15  0:39  Barracks  
  16  0:43  Refinery  
  16  0:50  SCV  
  17  1:03  SCV  
  18  1:15  SCV  
  19  1:27  Orbital Command, Reaper  
  20  1:39  Command Center  
  20  1:48  Supply Depot  
  20  1:52  SCV  
  21  1:59  Marine  
  22  2:04  SCV  
  22  2:07  Factory  
  23  2:11  Refinery  
  23  2:16  SCV  
  23  2:21  Barracks Reactor  
  24  2:28  SCV  
  25  2:41  SCV  
  26  2:51  Starport, Orbital Command  
  26  2:53  SCV  
  27  3:01  Hellion x2  
  27  3:03  Barracks Tech Lab  
  27  3:05  SCV  
  32  3:17  Liberator, SCV  
  32  3:18  SCV  
  34  3:22  Hellion x2  
  38  3:29  SCV  
  38  3:30  SCV  
  38  3:33  Supply Depot  
  43  3:41  SCV  
  43  3:42  SCV  
  45  3:53  SCV  
  45  3:55  SCV  
  47  3:58  Command Center  
  47  4:00  Barracks Tech Lab  
  47  4:05  SCV  
  47  4:06  Hellion  
  47  4:07  Hellion, Supply Depot, SCV  
  53  4:17  SCV  
  53  4:19  Stimpack  
  54  4:29  SCV x2  
  56  4:34  Marine, Barracks  
  56  4:36  Barracks  
  57  4:39  Factory Reactor, Supply Depot  
  57  4:41  SCV  
  57  4:42  SCV  
  57  4:45  Engineering Bay  
  59  4:46  Engineering Bay  
  59  4:48  Starport Reactor  
  59  4:53  SCV  
  59  4:54  SCV  
  59  4:55  Refinery  
  59  4:56  Refinery, Marine  
  62  5:05  SCV  
  61  5:07  SCV  
  61  5:11  Orbital Command  
  61  5:13  Terran Infantry Armor Level 1, Terran Infantry Weapons Level 1  
  61  5:14  Marine  
  62  5:17  SCV  
  63  5:21  Marine x2  
  63  5:24  SCV  
  66  5:29  Marine x2, SCV  
  66  5:30  Medivac x2  
  66  5:31  Marine  
  66  5:32  Siege Tank  
  77  5:39  Marine x2  
  77  5:42  Orbital Command  
  79  5:44  SCV x2  
  79  5:47  Marine x2  
  79  5:49  Supply Depot x2, Marine  
  83  5:57  Marine, Barracks  
  83  5:59  Barracks  
  83  6:00  Supply Depot  
  83  6:04  Supply Depot  
  84  6:07  SCV x2  
  84  6:11  Marine  
  84  6:12  Marine x3  
  84  6:14  Medivac x2  
  84  6:15  Marine  
  90  6:19  SCV  
  90  6:20  SCV x2  
  90  6:25  Armory  
  93  6:32  Supply Depot, Marine x2, SCV x3  
  97  6:34  Marine x2  
  97  6:37  Combat Shields  
  97  6:39  Siege Tank  
  100  6:42  Supply Depot  
  100  6:44  Marauder  
  102  6:50  Marine x2  
  102  6:51  Barracks Tech Lab x2  
  102  6:53  Sensor Tower  
  104  6:54  Barracks Reactor x2  
  104  6:57  Barracks Tech Lab  
  104  6:58  Marine x2  
  104  6:59  SCV x3  
  109  7:08  Marine x3  
  108  7:11  Siege Tank  
  108  7:14  Terran Infantry Weapons Level 2  
  109  7:20  Marine  
  109  7:21  Marine  
  112  7:24  SCV x3  
  112  7:25  Refinery  
  112  7:26  Supply Depot, Marine, Marauder  
  112  7:27  Terran Infantry Armor Level 2  
  117  7:30  Marine x3  
  117  7:34  Marauder  
  122  7:39  Marine x2  
  122  7:43  Marine, Siege Tank  
  128  7:45  Concussive Shells  
  128  7:46  Supply Depot  
  128  7:47  Marauder  
  128  7:48  Marine x3  
  131  7:54  SCV x2  
  131  7:56  Marauder  
  131  7:57  Marine x2  
  132  8:01  Marine  
  69  8:05  Medivac  
  133  8:06  Marine x3  
  133  8:09  Marauder  
  138  8:14  Barracks x2  
  138  8:15  Siege Tank  
  141  8:20  Barracks  
  141  8:26  Marauder, Marine x6  
  148  8:33  Supply Depot  
  148  8:34  Medivac, Marauder  
  152  8:35  Medivac  
  140  8:49  Marauder, Marine  
  140  8:50  Marine x4  
  140  8:51  Marine  
  140  8:55  Marauder, Siege Tank  
  152  9:04  Medivac  
  152  9:05  Medivac  
  152  9:07  Marine  
  152  9:08  Marine  
  152  9:09  Barracks Reactor, Barracks Tech Lab x2  
  155  9:10  Marauder  
  155  9:13  Marine x2  
  155  9:14  Marine x2  
  155  9:15  Command Center  
  163  9:17  Marauder  
  163  9:25  Marine x2  
  163  9:30  Supply Depot  
  163  9:31  Supply Depot x2, Marauder, Marine, Siege Tank  
  168  9:32  Supply Depot, Liberator  
  168  9:34  Liberator  
  168  9:36  Marauder  
  173  9:42  Marauder  
  164  9:55  Marauder x2, Marine  
  164  9:57  Marauder  
  164  10:01  Marine x5  
  164  10:16  Marauder x2  
  164  10:17  Marine  
  164  10:18  Marine x4  
Show
View Real Time Build Order
Export as new Build Order

soO Zerg 

Build Orders: Hatch First 

Get SALT Encoding   

  12  0:01  Drone  
  13  0:12  Overlord  
  13  0:17  Drone  
  14  0:30  Drone x2  
  14  0:34  Drone  
  17  0:51  Hatchery  
  17  0:54  Drone  
  17  0:57  Drone  
  18  1:08  Extractor  
  17  1:12  Spawning Pool  
  17  1:15  Drone  
  17  1:18  Drone  
  18  1:27  Drone  
  19  1:38  Overlord  
  19  1:58  Queen  
  19  1:59  Zergling x2  
  19  2:00  Zergling x2  
  23  2:02  Queen  
  23  2:03  Zergling x2  
  23  2:08  Metabolic Boost  
  26  2:11  Drone  
  26  2:14  Drone  
  28  2:21  Drone  
  29  2:27  Drone  
  30  2:34  Queen  
  30  2:35  Overlord  
  32  2:37  Drone  
  33  2:44  Drone  
  33  2:45  Pneumatized Carapace  
  33  2:49  Drone  
  35  2:54  Drone  
  35  2:57  Drone  
  37  3:05  Overlord  
  37  3:06  Drone x2  
  37  3:07  Drone  
  37  3:08  Drone  
  37  3:12  Drone x2  
  43  3:15  Drone  
  44  3:32  Drone, Hatchery  
  44  3:35  Drone  
  44  3:39  Drone  
  46  3:43  Lair, Queen, Drone  
  46  3:48  Overlord  
  49  3:50  Drone  
  49  3:51  Drone  
  49  3:53  Drone  
  52  3:58  Extractor  
  52  4:01  Roach Warren, Extractor  
  52  4:02  Drone  
  50  4:04  Drone x2  
  50  4:07  Zergling x2  
  50  4:09  Zergling x2  
  54  4:11  Drone  
  54  4:13  Drone  
  54  4:15  Overlord  
  54  4:16  Drone  
  57  4:19  Zergling x2  
  57  4:20  Zergling x2  
  57  4:23  Overlord  
  59  4:32  Spore Crawler, Drone  
  59  4:37  Drone  
  60  4:38  Drone  
  60  4:40  Drone  
  60  4:41  Overseer  
  60  4:42  Drone  
  63  4:46  Drone x2  
  63  4:51  Roach  
  67  4:55  Roach x3  
  67  4:56  Overlord  
  67  4:57  Drone  
  74  5:03  Drone x4  
  75  5:08  Drone x2  
  75  5:12  Drone  
  78  5:14  Evolution Chamber  
  78  5:17  Drone x2, Evolution Chamber  
  78  5:22  Drone  
  78  5:26  Baneling Nest  
  78  5:27  Drone  
  79  5:30  Drone  
  79  5:33  Drone  
  81  5:40  Drone x3  
  81  5:41  Drone x2  
  81  5:42  Zerg Ground Armor Level 1  
  86  5:43  Zerg Melee Weapons Level 1  
  86  5:45  Drone x2  
  89  5:50  Drone  
  89  5:58  Hatchery, Extractor  
  89  5:59  Extractor  
  89  6:00  Hatchery, Drone x3  
  89  6:01  Extractor  
  87  6:09  Drone x2  
  87  6:10  Drone x4  
  87  6:14  Drone x2  
  87  6:16  Drone  
  90  6:23  Centrifical Hooks  
  90  6:26  Overlord x3  
  90  6:28  Overlord  
  90  6:30  Overlord  
  90  6:34  Overlord  
  90  6:41  Overlord  
  90  6:45  Zergling x14  
  97  6:49  Zergling x2  
  97  6:50  Zergling x6  
  97  6:52  Ravager x3  
  97  6:53  Zergling x2  
  95  7:11  Zergling x4  
  95  7:12  Zergling x2  
  95  7:14  Drone x3  
  97  7:16  Zergling x12  
  97  7:19  Hydralisk Den  
  97  7:20  Zergling x6  
  97  7:21  Zergling x2  
  106  7:26  Drone, Ravager  
  106  7:27  Drone x2  
  106  7:29  Queen  
  110  7:33  Zergling x6  
  110  7:34  Baneling x3  
  110  7:35  Baneling  
  110  7:37  Zerg Ground Armor Level 2, Zerg Melee Weapons Level 2  
  115  7:40  Drone x4  
  119  7:48  Drone  
  119  7:51  Drone x3  
  122  7:53  Zergling x10  
  122  7:54  Zergling x2  
  126  8:00  Zergling x2  
  126  8:01  Zergling x10  
  131  8:06  Zergling x2  
  131  8:11  Hydralisk x6  
  142  8:16  Overlord x3  
  142  8:17  Muscular Augments  
  141  8:21  Drone  
  141  8:23  Extractor  
  141  8:26  Baneling x4  
  132  8:43  Drone x2  
  132  8:48  Hydralisk x6  
  134  8:55  Zergling x22  
  151  8:56  Zergling x4  
  151  9:00  Baneling  
  151  9:01  Baneling x8  
  156  9:11  Infestation Pit  
  156  9:12  Zergling x20  
  164  9:24  Drone x3  
  164  9:25  Zergling x6, Drone  
  164  9:27  Overlord  
  171  9:31  Zergling x2  
  171  9:32  Zergling x4  
  171  9:38  Baneling x3  
  174  9:44  Zergling x2  
  174  9:45  Zergling x16  
  175  9:46  Hatchery  
  144  9:53  Hydralisk x2  
  144  9:54  Hydralisk, Zergling x2  
  144  9:55  Zergling x2  
  144  9:58  Zergling x2  
  143  10:03  Baneling x8  
  143  10:04  Baneling x7  
  143  10:07  Hydralisk x3  
  143  10:08  Zergling x6  
  143  10:11  Hydralisk x2  
  152  10:17  Zergling x2  
Tags
 
Add a new tag
Caveats
  • Supply blocks, unpowered buildings, or Contaminate may cause inaccurate times.
  • Supply counts are checked every 10 seconds.